 Dungeon Crawl Stone Soup version 0.23.1-37-gaa34b87 (webtiles) character file.

Game seed: 2697219975926394052

6869 Gadfly the Thaumaturge (level 10, -4/56 HPs)
             Began as a Deep Elf Fire Elementalist on Mar 24, 2019.
             Was a Believer of Vehumet.
             Slain by an orc knight
             ... wielding a +0 trident
              (11 damage)
             ... in a bailey.
             The game lasted 00:36:26 (11605 turns).

Gadfly the Thaumaturge (DEFE)                      Turns: 11605, Time: 00:36:26

Health: -4/56      AC:  7    Str:  8    XL:     10   Next: 78%
Magic:  0/41       EV: 16    Int: 22    God:    Vehumet [**....]
Gold:   352        SH:  0    Dex: 17    Spells: 4/29 levels left

rFire    . . .     SeeInvis .   a - staff of power
rCold    . . .     Gourm    .   (no shield)
rNeg     . . .     Faith    .   A - +0 robe
rPois    .         Spirit   +   j - +1 helmet
rElec    .         Reflect  .   I - scarf {repulsion}
rCorr    .         Harm     .   H - +2 pair of gloves {Str+3}
MR       +....                  (no boots)
Stlth    ++........             n - amulet of guardian spirit
HPRegen  0.18/turn              y - ring of flight
MPRegen  0.27/turn              l - ring of wizardry

@: flying, repel missiles
A: no striking features
a: Renounce Religion, Stop Flying


You were in a bailey.
You worshipped Vehumet.
Vehumet was pleased with you.
You were hungry.

You visited 2 branches of the dungeon, and saw 10 of its levels.
You also visited: Bailey.

You collected 352 gold pieces.

Inventory:

Hand Weapons
 b - a +4 quarterstaff of chaos
 E - a +2 hand axe of electrocution
Missiles
 e - 300 stones (quivered)
Armour
 j - a +1 helmet (worn)
 k - a +0 buckler
 r - a +2 cloak of magic resistance
 A - a +0 robe (worn)
 H - a +2 pair of gloves of strength (worn)
 I - a scarf of repulsion (worn)
Magical Staves
 a - an uncursed staff of power (weapon)
 x - an uncursed staff of summoning
Jewellery
 g - a +3 ring of strength
 l - a ring of wizardry (right hand)
 n - an amulet of guardian spirit (around neck)
 y - a ring of flight (left hand)
Wands
 q - a wand of digging (5)
 u - a wand of acid (10)
 F - a wand of disintegration (10)
Scrolls
 d - a scroll of amnesia
 m - 2 scrolls of remove curse
 o - 4 scrolls of teleportation
 v - 2 scrolls of enchant armour
 w - 3 scrolls of fear
Potions
 f - 4 potions of brilliance
 h - 3 potions of might
 i - a potion of resistance
 p - 3 potions of curing
 s - 3 potions of haste {unknown}
 t - a potion of heal wounds {unknown}
 z - a potion of mutation
 B - a potion of berserk rage
 C - a potion of lignification
 G - a potion of flight {unknown}
Comestibles
 c - 9 rations
 D - 2 chunks of flesh


   Skills:
 + Level 4.1 Fighting
 + Level 6.6 Dodging
 - Level 2.4 Stealth
 + Level 3.9 Shields
 * Level 10.1 Spellcasting
 * Level 8.3 Conjurations
 * Level 9.0 Fire Magic
 * Level 1.4 Earth Magic
 + Level 5.1 Evocations


You had 4 spell levels left.
You knew the following spells:

 Your Spells              Type           Power        Failure   Level  Hunger
a - Flame Tongue          Conj/Fire      #####        1%          1    None
b - Throw Flame           Conj/Fire      #####.       1%          2    None
c - Conjure Flame         Conj/Fire      #####...     1%          3    None
d - Sticky Flame          Conj/Fire      #####...     1%          4    ##.....
e - Fireball              Conj/Fire      #####.....   1%          5    ####...
f - Sandblast             Erth           ###...       1%          1    None
g - Stone Arrow           Conj/Erth      ####..       1%          3    None
h - Passwall              Tmut/Erth      ##......     2%          2    None
i - Petrify               Tmut/Erth      ##......     17%         4    ##.....

Your spell library contained the following spells:

 Spells                   Type           Power        Failure   Level  Hunger
 Mephitic Cloud           Conj/Pois/Air  ###.....     2%          3    None
 Inner Flame              Hex/Fire       ####....     1%          3    None
 Lee's Rapid Deconstruct  Erth           ###.......   34%         5    ####...


Dungeon Overview and Level Annotations

Branches:
Dungeon (9/15)             Temple (1/1) D:6            Lair (0/6) D:8
    Orc: D:9-12

Altars:
Ashenzari
Cheibriados
Dithmenos
Elyvilon
Fedhas
Gozag
Hepliaklqana
Kikubaaqudgha
Makhleb
Nemelex Xobeh
Okawaru
Qazlal
Ru
Sif Muna
Trog
Uskayaw
Vehumet
Wu Jian
Xom
Yredelemnul
Zin
The Shining One

Annotations:
D:9 Harold


Message History

Aim: an orc knight, wielding a +0 trident and wearing a +0 ring mail (chance to defeat MR: 28%)
The orc knight easily resists.
The orc knight hits you but does no damage.
Casting: Petrify (slightly dangerous; 17% risk of failure)
Confirm with . or Enter, or press ? or * to list all spells.
Aiming: Flame Tongue (safe; 1% risk of failure)
Press: ? - help, Shift-Dir - straight line, f/p - orc knight
Aim: an orc knight, wielding a +0 trident and wearing a +0 ring mail The flame tongue hits the orc knight.
The orc knight is lightly wounded.
The orc knight hits you from afar with a +0 trident!!
* * * LOW HITPOINT WARNING * * *
You feel better.
You feel very buoyant.
You fly up into the air.
You feel somewhat more hungry.
The orc knight hits you from afar with a +0 trident.
* * * LOW HITPOINT WARNING * * *
Your magical contamination has completely faded away.
The orc knight hits you from afar with a +0 trident!
You die...

.≈)##.$$$.##§.§§§§...##.....##.≈.
.≈.#############+#############.≈.
.≈.)##### ##).........≈.
.≈≈≈≈≈≈≈####### ##..≈≈≈≈≈≈≈≈≈≈.
.........##.).## ##..≈≈..........
#######.##..≈..###..≈≈..#########
####...##...≈≈....o≈≈..##
#∩..#######..≈≈≈≈≈≈≈..## ∩####
##....@....## ## ###########


You could see an orc knight.

Vanquished Creatures
  An orc knight (Bailey)
  A hornet (D:8)
  Prince Ribbit (D:7)
  Eustachio (D:6)
  5 yaks
  A hungry ghost (D:8)
  2 ice beasts
  10 orc warriors
  6 ogres
  4 centaurs
  2 necrophages (D:7)
  A big kobold (D:8)
  2 bullfrogs
  2 scorpions
  5 killer bees (D:7)
  8 wights
  2 howler monkeys (D:6)
  8 crimson imps
  2 centaur zombies
  2 bullfrog zombies
  A quasit (D:6)
  A gnoll shaman (D:6)
  5 hounds
  5 orc priests
  Crazy Yiuf (D:2)
  A bullfrog skeleton (D:4)
  8 jellies
  Terence (D:2)
  3 iguanas
  5 orc wizards
  7 worker ants
  2 hound zombies
  A hound skeleton (D:5)
  Robin (D:2)
  2 worker ant zombies
  12 gnolls
  10 adders
  A shadow imp (D:5)
  2 oozes (D:5)
  2 adder skeletons (D:8)
  5 worms
  6 dart slugs
  A leopard gecko (D:6)
  48 orcs
  10 giant cockroaches
  17 goblins
  12 hobgoblins
  14 jackals
  16 kobolds
  2 quokkas
  A ball python (D:3)
  5 bats
  2 frilled lizards
  3 rats (D:1)
279 creatures vanquished.

Vanquished Creatures (others)
  2 fungi
2 creatures vanquished.

Grand Total: 281 creatures vanquished

Notes
Turn   | Place    | Note
-------+----------+-------------------------------------------
     0 | D:1      | Gadfly the Deep Elf Fire Elementalist began the quest for
                  | the Orb.
     0 | D:1      | Reached XP level 1. HP: 10/10 MP: 6/6
   137 | D:1      | Reached XP level 2. HP: 13/15 MP: 8/8
   141 | D:1      | Learned a level 2 spell: Throw Flame
   848 | D:1      | Reached XP level 3. HP: 19/20 MP: 7/10
  1171 | D:1      | Learned a level 3 spell: Conjure Flame
  1620 | D:2      | Noticed Robin
  1937 | D:2      | Killed Robin
  1937 | D:2      | Reached XP level 4. HP: 24/24 MP: 3/11
  2057 | D:2      | Learned a level 4 spell: Sticky Flame
  2127 | D:2      | Reached skill level 4 in Spellcasting
  2357 | D:2      | Found an ancient bone altar of Kikubaaqudgha.
  2389 | D:2      | Noticed Terence
  2394 | D:2      | Killed Terence
  2394 | D:2      | Reached skill level 1 in Fighting
  2531 | D:2      | Reached XP level 5. HP: 29/29 MP: 7/13
  2602 | D:2      | Found a runed translucent door.
  2603 | D:2      | Noticed Crazy Yiuf
  2739 | D:2      | Killed Crazy Yiuf
  3453 | D:3      | Reached XP level 6. HP: 34/34 MP: 12/15
  3500 | D:3      | Reached skill level 1 in Shields
  3502 | D:3      | Reached skill level 5 in Spellcasting
  3571 | D:3      | Found a blossoming altar of Fedhas.
  3775 | D:4      | Reached skill level 5 in Fire Magic
  4188 | D:4      | Reached skill level 1 in Evocations
  4192 | D:4      | Reached XP level 7. HP: 27/38 MP: 2/17
  4851 | D:4      | Learned a level 5 spell: Fireball
  5253 | D:5      | Entered Level 5 of the Dungeon
  5321 | D:5      | Found a snail-covered altar of Cheibriados.
  5364 | D:5      | Noticed a yak
  5364 | D:5      | Noticed a yak
  5364 | D:5      | Noticed a yak
  5364 | D:5      | Noticed a yak
  5364 | D:5      | Noticed a yak
  5387 | D:5      | Killed a yak
  5387 | D:5      | Reached skill level 6 in Spellcasting
  5397 | D:5      | Killed a yak
  5397 | D:5      | Reached XP level 8. HP: 26/44 MP: 4/19
  5791 | D:5      | Reached skill level 5 in Conjurations
  6027 | D:5      | Found a white marble altar of Elyvilon.
  6059 | D:5      | Reached skill level 7 in Spellcasting
  6629 | D:5      | Reached skill level 5 in Dodging
  6629 | D:5      | Reached XP level 9. HP: 26/49 MP: 4/22
  7331 | D:6      | Reached skill level 8 in Spellcasting
  7359 | D:6      | Noticed Eustachio
  7364 | D:6      | Killed Eustachio
  7554 | D:6      | Found a staircase to the Ecumenical Temple.
  7563 | Temple   | Entered the Ecumenical Temple
  7727 | Temple   | Became a worshipper of Vehumet
  8720 | D:7      | Noticed Prince Ribbit
  8728 | D:7      | Killed Prince Ribbit
  8766 | D:7      | Reached * piety under Vehumet
  8766 | D:7      | Offered knowledge of Sting by Vehumet.
  8782 | D:7      | Reached skill level 9 in Spellcasting
  8990 | D:7      | Found a glowing golden altar of the Shining One.
  9074 | D:7      | Reached XP level 10. HP: 34/56 MP: 10/25
 10305 | D:8      | Reached ** piety under Vehumet
 10305 | D:8      | Offered knowledge of Sandblast by Vehumet.
 10334 | D:8      | Found a staircase to the Lair.
 10833 | D:9      | Noticed Harold
 10843 | D:9      | Noticed a cyclops
 11012 | D:9      | Found a flagged portal.
 11018 | Bailey   | Entered a bailey
 11366 | Bailey   | Noticed an orc knight
 11396 | Bailey   | Learned a level 1 spell: Sandblast
 11400 | Bailey   | Learned a level 3 spell: Stone Arrow
 11403 | Bailey   | Learned a level 2 spell: Passwall
 11408 | Bailey   | Learned a level 4 spell: Petrify
 11410 | Bailey   | Noticed an orc knight
 11433 | Bailey   | Offered knowledge of Mephitic Cloud by Vehumet.
 11488 | Bailey   | Reached skill level 10 in Spellcasting
 11488 | Bailey   | Reached skill level 5 in Evocations
 11567 | Bailey   | Killed an orc knight
 11567 | Bailey   | Reached skill level 1 in Earth Magic
 11605 | Bailey   | Slain by an orc knight

Skill      XL: |  1  2  3  4  5  6  7  8  9 10 |
---------------+-------------------------------+-----
Conjurations   | 2 3 4 5 7 8 |  8.3
Fire Magic     | 4 5 6 8 9 |  9.0
Spellcasting   | 4 5 6 7 9 10 | 10.1
Fighting       | 1 2 3 4 |  4.1
Dodging        | 3 4 5 6 |  6.6
Shields        | 1 2 3 |  3.9
Evocations     | 1 2 3 4 5 |  5.1
Earth Magic    | 1 |  1.4
Stealth        | |  2.4

Action                   |  1- 3 |  4- 6 |  7- 9 | 10-12 || total
-------------------------+-------+-------+-------+-------++-------
Melee: Short sword       |    85 |     4 |       |       ||    89
       Spear             |       |     4 |       |       ||     4
       Quarterstaff      |       |    70 |   172 |    16 ||   258
       Staff             |       |       |       |    14 ||    14
 Cast: Flame Tongue      |    47 |    44 |   101 |    77 ||   269
       Throw Flame       |     7 |    15 |    22 |     6 ||    50
       Sticky Flame      |       |    10 |    18 |    22 ||    50
       Fireball          |       |       |    14 |    18 ||    32
       Conjure Flame     |       |       |     1 |       ||     1
       Stone Arrow       |       |       |       |     1 ||     1
       Petrify           |       |       |       |     1 ||     1
 Abil: Evoke Flight      |       |       |       |     3 ||     3
Evoke: Wand              |       |       |       |     1 ||     1
  Use: Scroll            |     4 |     8 |     5 |     2 ||    19
       Potion            |       |       |       |     1 ||     1
 Stab: Sleeping          |     5 |     3 |     1 |     1 ||    10
       Confused          |       |       |     2 |       ||     2
  Eat: Chunk             |     3 |     9 |    17 |    12 ||    41
       Ration            |       |       |     1 |       ||     1
Armor: Robe              |    12 |    25 |    55 |    20 ||   112
Dodge: Dodged            |    78 |    66 |   189 |    99 ||   432
       Deflected         |       |       |       |     5 ||     5
